 Dungeon Crawl Stone Soup version 0.29-a0-222-g5b244fca1f (webtiles) character file.

Game seed: 16745766066581206475

1051 Inarius the Chopper (level 8, -2/58 (60) HPs)
             Began as a Demonspawn Fighter on Feb 27, 2022.
             Slain by Crazy Yiuf
             ... wielding a +4 quarterstaff of chaos
              (7 damage)
             ... on level 6 of the Dungeon.
             The game lasted 00:07:11 (7212 turns).

Inarius the Chopper (Demonspawn Fighter)            Turns: 7212, Time: 00:07:12

HP:   -2/58 (60)    AC:  7    Str: 18    XL:     8   Next: 5%
MP:   2/8           EV:  9    Int:  9    God:
Gold: 243           SH:  5    Dex: 14    Spells: 7/7 levels left

rFire   . . .      SeeInvis .   a - +0 war axe
rCold   . . .      Faith    .   c - +0 buckler
rNeg    . . .      Spirit   .   b - +0 scale mail
rPois   .          Reflect  .   (no helmet)
rElec   .          Harm     .   (no cloak)
rCorr   .          Rampage  .   (no gloves)
Will    .....                   (no boots)
Stlth   ..........              (no amulet)
HPRegen 0.19/turn               (no ring)
MPRegen 0.11/turn               (no ring)

@: lightly drained
A: foul stench 1, condensation shield
a: no special abilities


You were on level 6 of the Dungeon.
You visited 1 branch of the dungeon, and saw 6 of its levels.

You collected 243 gold pieces.

Inventory:

Hand Weapons
 a - a +0 war axe (weapon)
Armour
 b - a +0 scale mail (worn)
 c - a +0 buckler (worn)
Jewellery
 e - a ring of ice
 q - an amulet of magic regeneration
Wands
 s - a wand of paralysis (10)
Scrolls
 d - 2 scrolls of silence {unknown}
 f - 5 scrolls of teleportation {unknown}
 g - 2 scrolls of vulnerability {unknown}
 h - a scroll of fear {unknown}
 j - a scroll of amnesia {unknown}
 k - a scroll of enchant weapon {unknown}
 l - a scroll of immolation {unknown}
 p - 2 scrolls of enchant armour {unknown}
 t - a scroll of brand weapon {unknown}
Potions
 m - a potion of berserk rage {unknown}
 n - a potion of flight {unknown}
 o - a potion of ambrosia {unknown}
 r - a potion of attraction {unknown}


   Skills:
 + Level 4.1 Fighting
 * Level 6.9 Axes
 + Level 4.5 Armour
 + Level 4.0 Shields


You had 7 spell levels left.
You didn't know any spells.
Your spell library contained the following spells:

 Spells                   Type           Power      Damage    Failure   Level
 Slow                     Hex            0%         N/A       85%         1
 Confusing Touch          Hex            0%         N/A       99%         3
 Inner Flame              Hex/Fire       0%         N/A       99%         3
 Vampiric Draining        Necr           0%         2d6       99%         3
 Cause Fear               Hex            0%         N/A       100%        4
 Discord                  Hex            0%         N/A       100%        8


Dungeon Overview and Level Annotations

Branches:
Dungeon (6/15)
 Temple: D:4-7

Altars:
Cheibriados
Uskayaw

Shops:
D:2 =

Annotations:
D:6 Crazy Yiuf


Innate Abilities, Weirdness & Mutations

You may rarely emit foul miasma when damaged in melee.
A meltable shield of frost defends you. (SH +0)


Message History

No target in view!
No target in view!
No target in view!
No target in view!
No target in view!
No target in view!
No target in view!
You are no longer corroded.
t - a scroll labelled GORUM NO ZAWEG
Found three maces.
You see here a +0 mace.
Found a mace.
Found a runed translucent door.
Crazy Yiuf shouts!
Crazy Yiuf says, "Leather sow forty-two!"
You open the door. You barely miss Crazy Yiuf.
Crazy Yiuf drinks a potion.
Crazy Yiuf seems to speed up.
You closely miss Crazy Yiuf.
Crazy Yiuf hits you with a +4 quarterstaff of chaos!
Your condensation shield dissipates!
Crazy Yiuf burns you!
Crazy Yiuf hits you with a +4 quarterstaff of chaos.
You feel your power leaking away.
You slash Crazy Yiuf!
Crazy Yiuf is heavily wounded.
You block Crazy Yiuf's attack.
Crazy Yiuf hits you with a +4 quarterstaff of chaos.
You feel drained.
You slash Crazy Yiuf!
Crazy Yiuf is almost dead.
Crazy Yiuf hits you with a +4 quarterstaff of chaos!
You feel your power leaking away.
Crazy Yiuf hits you with a +4 quarterstaff of chaos!
* * * LOW HITPOINT WARNING * * *
You are poisoned.
You feel better.
Crazy Yiuf hits you with a +4 quarterstaff of chaos!
* * * LOW HITPOINT WARNING * * *
Crazy Yiuf freezes you!
You die...

### ♣♣#### ### #)..#♣♣
♣♣....## #..
#...g@♣♣♣♣......# #.#
#...#♣..♣.)♣....# ##.# ###
♣♣♣.♣.))...# ##.#
♣♣♣♣♣##.## ...# #.# ##.#
####################.# ...#
#...#.............##.#
...###.#.#....########....#
.#.........##.########.####


You could see Crazy Yiuf (fast).

Vanquished Creatures
  A water moccasin (D:5)
  A sky beast (D:5)
  A black bear (D:4)
  2 ogres (D:5)
  3 scorpions
  A howler monkey (D:4)
  A hound (D:5)
  2 jellies
  3 iguanas (D:5)
  7 adders
  6 gnolls
  An ufetubus (D:6)
  A worm (D:2)
  4 dart slugs
  8 orcs
  9 ball pythons
  9 bats
  2 endoplasms
  6 giant cockroaches
  5 goblins
  3 hobgoblins
  2 quokkas
  3 frilled lizards
  5 kobolds
  8 rats
94 creatures vanquished.

Notes
Turn   | Place    | Note
-------+----------+-------------------------------------------
     0 | D:1      | Inarius the Demonspawn Fighter began the quest for the Orb.
     0 | D:1      | Reached XP level 1. HP: 18/18 MP: 1/1
   271 | D:1      | Reached skill level 2 in Axes
   271 | D:1      | Gained mutation: A meltable shield of frost defends you.
                  | (SH +0) [demonic ancestry]
   271 | D:1      | Reached XP level 2. HP: 22/24 MP: 2/2
   824 | D:2      | Found a faded altar of an unknown god.
   832 | D:2      | Reached XP level 3. HP: 29/29 MP: 3/3
   994 | D:2      | Found Mily Zaa's Jewellery Emporium.
  1662 | D:2      | Reached skill level 3 in Axes
  2626 | D:2      | Reached XP level 4. HP: 30/35 MP: 4/4
  3684 | D:4      | Reached XP level 5. HP: 41/41 MP: 5/5
  3808 | D:4      | Noticed a black bear
  3817 | D:4      | Killed a black bear
  3818 | D:4      | Reached skill level 4 in Axes
  3917 | D:4      | Reached XP level 6. HP: 31/47 MP: 6/6
  4030 | D:4      | Found a hide-covered altar of Uskayaw.
  4182 | D:4      | Identified the +1 robe of the Chupacabra {Str+4}
  4282 | D:4      | Noticed a yak
  4282 | D:4      | Noticed a yak
  4282 | D:4      | Noticed a yak
  4283 | D:4      | Noticed a yak
  4398 | D:4      | Noticed a yak
  4719 | D:5      | Entered Level 5 of the Dungeon
  4745 | D:5      | Noticed a water moccasin
  4760 | D:5      | Killed a water moccasin
  4761 | D:5      | Reached skill level 5 in Axes
  5096 | D:5      | Gained mutation: You may rarely emit foul miasma when
                  | damaged in melee. [demonic ancestry]
  5096 | D:5      | Reached XP level 7. HP: 26/53 MP: 7/7
  5798 | D:5      | Reached skill level 6 in Axes
  6753 | D:6      | Reached XP level 8. HP: 23/60 MP: 8/8
  7023 | D:6      | Found a snail-covered altar of Cheibriados.
  7203 | D:6      | Found a runed translucent door.
  7204 | D:6      | Noticed Crazy Yiuf
  7212 | D:6      | Slain by Crazy Yiuf

Illustrated notes

Levels and vault maps discovered:
D:1:      minmay_arrival_three_doors, layout_rooms, hangedman_feature_mirror
D:2:      layout_loops_ring, dreamdust_ecumenical_altar_statues, serial_shops,
          nicolae_shop_temple_entry_statues_fountains, serial_park_tiny_1
D:3:      layout_basic, kennysheep_boxes
D:4:      layout_loops_cross, mainiacjoe_overflow_cross_hatched
D:5:      layout_layer_cave
D:6:      minmay_clustersquares, layout_loops_ring, nzn_hepliaklqana_mist_gate,
          cheibriados_altar_1, serial_glass, glass_columns_c, glass_columns_b,
          feat_on_display, due_unseen_surprise, feat_on_display,
          item_on_display_a, supply_closet_lemuel, uniq_pikel,
          uniq_prince_ribbit1, uniq_crazy_yiuf_cottage, uniq_sigmund

Skill      XL: |  1  2  3  4  5  6  7 |
---------------+----------------------+-----
Axes           | 2 3 4 5 6 |  6.9
Armour         | 3 4 |  4.5
Shields        | 3 4 |  4.0
Fighting       | 4 |  4.1

Action                   |  1- 3 |  4- 6 |  7- 9 || total
-------------------------+-------+-------+-------++-------
Melee: War axe           |    94 |   135 |   109 ||   338
  Use: Potion            |       |     5 |     1 ||     6
Armor: Scale mail        |    35 |    42 |    34 ||   111
Dodge: Dodged            |    45 |    64 |    40 ||   149
Block: Buckler           |    44 |    62 |    54 ||   160

Table legend: (Time is in decaauts)
 A = Elapsed time spent in this place.
 B = Non-inter-level travel time spent in this place.
 C = Inter-level travel time spent in this place.
 D = Time resting spent in this place.
 E = Time spent auto-exploring this place.
 F = Levels seen in this place.
 G = Mean time per level.
                   A        B        C        D        E       F      G
               +--------+--------+--------+--------+--------+-----+--------+
         Total |   7336 |   6866 |    470 |   2301 |   3306 |   6 | 1222.7 |
       Dungeon |   7336 |   6866 |    470 |   2301 |   3306 |   6 | 1222.7 |
               +--------+--------+--------+--------+--------+-----+--------+

Top non-repeatable levels by time:
     D:5: 2045 daAuts
     D:1: 1404 daAuts
     D:3: 1337 daAuts
     D:2: 1231 daAuts
     D:4: 840 daAuts
     D:6: 477 daAuts
